 Dungeon Crawl Stone Soup version 0.20.0-10-g0535bb4 (webtiles) character file.

109 miragecloak the Changer (level 4, 0/28 HPs)
             Began as an Octopode Transmuter on June 7, 2017.
             Was an Initiate of Ashenzari.
             Slain by a phantom (4 damage)
             ... on level 3 of the Dungeon.
             The game lasted 00:03:11 (3109 turns).

miragecloak the Changer (Octopode Transmuter)       Turns: 3109, Time: 00:03:12

Health: 0/28       AC:  2    Str:  9    XL:     4   Next: 90%
Magic:  4/7        EV: 20    Int: 15    God:    Ashenzari [......]
Gold:   52         SH:  0    Dex: 18    Spells: 3/7 levels left

rFire    . . .     SeeInvis .     - Unarmed
rCold    . . .     Gourm    .   (shield currently unavailable)
rNeg     . . .     Faith    .   (helmet currently unavailable)
rPois    x         Spirit   .   (no amulet)
rElec    .         Reflect  .   (no ring)
rCorr    .         Harm     .   (no ring)
MR       .....                  (no ring)
Stlth    ++........             (no ring)
Regen    0.1/turn               (no ring)
MPRegen  0.1/turn               (no ring)
                                (no ring)
                                (no ring)

@: spider-form (expiring)
A: almost no armour, stealthy swim, (amphibious), 8 rings, (constrict 8)
a: End Transformation, Curse Item, Renounce Religion


You were on level 3 of the Dungeon.
You worshipped Ashenzari.
Ashenzari was noncommittal.
You were hungry.
You were a venomous arachnid creature.
You visited 1 branch of the dungeon, and saw 3 of its levels.

You collected 52 gold pieces.

Inventory:

Missiles
 a - 12 arrows
Scrolls
 d - a scroll of enchant weapon {unknown}
 i - 4 scrolls of teleportation {unknown}
 j - 3 scrolls of identify {unknown}
 o - a scroll of amnesia {unknown}
 p - a scroll of remove curse
Potions
 e - a potion of heal wounds {unknown}
 f - a potion of ambrosia {unknown}
 k - a potion of invisibility
 m - a potion of flight {unknown}
 q - a potion of curing {unknown}
 r - a potion of haste {unknown}
Books
 b - a book of Changes

   Spells                             Type                      Level
   a - Beastly Appendage              Transmutation                1
   b - Sticks to Snakes               Transmutation                2
   c - Spider Form                    Transmutation/Poison         3
   d - Ice Form                       Ice/Transmutation            4
   e - Blade Hands                    Transmutation                5
 l - a book of Misfortune

   Spells                             Type                      Level
   a - Confusing Touch                Hexes                        1
   b - Confuse                        Hexes                        3
   c - Gell's Gravitas                Translocation                3
   d - Petrify                        Transmutation/Earth          4
   e - Metabolic Englaciation         Hexes/Ice                    5
   f - Yara's Violent Unravelling     Hexes/Transmutation          5
Comestibles
 c - 3 bread rations
 g - a royal jelly
 h - 3 meat rations
 n - 4 fruits


   Skills:
 - Level 1.0 Fighting
 - Level 2.0 Dodging
 - Level 3.0 Unarmed Combat
 - Level 2.0 Spellcasting
 - Level 4.1 Transmutations
 + Level 2.7 Poison Magic


You had 3 spell levels left.
You knew the following spells:

 Your Spells              Type           Power        Failure   Level  Hunger
a - Beastly Appendage     Tmut           ##....       13%         1    #......
b - Spider Form           Tmut/Pois      ##........   34%         3    ###....


Dungeon Overview and Level Annotations

Branches:
Dungeon (3/15)

Altars:
Ashenzari
Trog

Annotations:
D:3 Grinder


Innate Abilities, Weirdness & Mutations

You cannot wear most types of armour.
You are very stealthy in the water. (Stealth+)
((You are amphibious.))
You can wear up to eight rings at the same time.
((You can use your tentacles to constrict eight enemies at once.))
((Your skin changes colour to match your surroundings (Stealth+).))
((Your rubbery body absorbs attacks. (AC +1, EV +1)))


Message History

The phantom hits you!
* * * LOW HITPOINT WARNING * * *
You barely miss the phantom.
The phantom is lightly damaged.
The phantom closely misses you.
The phantom hits you but does no damage.
Casting: Spider Form
Confirm with . or Enter, or press ? or * to list all spells.
You turn into a venomous arachnid creature.
The phantom barely misses you. The phantom hits you.
* * * LOW HITPOINT WARNING * * *
The phantom blinks!
The phantom blinks!
The phantom blinks!
You hit the phantom.
The phantom is lightly damaged.
Your transformation is almost over.
The phantom hits you.
You die...

######## #......##
#.####..## #.####.#.##
##############.#...###.#
#....†..##.......##.#.##
#.####..Ws.....####..##
#.####...#§##.....)..#
#.##.......##.######.####
#.##.#...####.# #...W...#
#..............##.##.##.#
##..............##.##....#
#...#.###.......##.####..##
#.#...# #.......##......<..
#...### #.......####.##.##.


You could see a phantom.

Vanquished Creatures
  5 adders
  A worm (D:1)
  2 dart slugs (D:3)
  4 ball pythons
  3 giant cockroaches
  8 goblins
  5 hobgoblins
  4 jackals
  7 kobolds
  2 quokkas (D:2)
  3 bats
  5 frilled lizards
  7 rats
56 creatures vanquished.

Vanquished Creatures (others)
  A fungus (D:3)
1 creature vanquished.

Grand Total: 57 creatures vanquished

Notes
Turn   | Place    | Note
-------+----------+-------------------------------------------
     0 | D:1      | miragecloak the Octopode Transmuter began the quest for the Orb.
     0 | D:1      | Reached XP level 1. HP: 13/13 MP: 3/3
   405 | D:1      | Reached XP level 2. HP: 18/18 MP: 3/5
   543 | D:1      | Reached skill level 3 in Transmutations
  1163 | D:1      | Reached XP level 3. HP: 19/23 MP: 4/6
  1177 | D:2      | Learned a level 3 spell: Spider Form
  1621 | D:2      | Reached skill level 1 in Poison Magic
  1871 | D:2      | Reached XP level 4. HP: 27/28 MP: 3/7
  1899 | D:2      | Reached skill level 4 in Transmutations
  2299 | D:2      | Found a shattered altar of Ashenzari.
  2420 | D:2      | Found a bloodstained altar of Trog.
  2508 | D:2      | Became a worshipper of Ashenzari the Shackled
  2662 | D:3      | Noticed Grinder
  3044 | D:3      | Noticed a phantom
  3109 | D:3      | Slain by a phantom

Skill      XL: |  1  2  3  4 |
---------------+-------------+-----
Transmutations | 3 4 |  4.1
Poison Magic   | 1 2 |  2.7
Fighting       | |  1.0
Dodging        | |  2.0
Unarmed Combat | |  3.0
Spellcasting   | |  2.0

Action                   |  1- 3 |  4- 6 || total
-------------------------+-------+-------++-------
Melee: Unarmed           |    91 |    61 ||   152
       Constrict         |    16 |     4 ||    20
       Kick              |    13 |       ||    13
       Tentacles         |     8 |     2 ||    10
       Punch             |     1 |       ||     1
 Cast: Beastly Appendage |    18 |       ||    18
       Spider Form       |     3 |    14 ||    17
 Stab: Sleeping          |     6 |       ||     6
  Eat: Chunk             |     3 |     6 ||     9
Armor: Skin              |     8 |     7 ||    15
Dodge: Dodged            |    57 |    75 ||   132
